 Dungeon Crawl Stone Soup version 0.31-a0-149-g3fdcc5976a (webtiles) character file.

Game seed: 18394143836225198332

455 qw the Shooter (level 6, -3/55 HPs)
             Began as a Minotaur Hunter on June 7, 2023.
             Was an Initiate of Okawaru.
             Slain by Eustachio
             ... wielding a +1 falchion of flaming
              (9 damage)
             ... on level 4 of the Dungeon.
             The game lasted 00:01:05 (2929 turns).

qw the Shooter (Minotaur Hunter)                    Turns: 2929, Time: 00:01:05

Health: -3/55      AC:  8    Str: 16    XL:     6   Next: 76%
Magic:  5/5        EV: 11    Int:  6    God:    Okawaru [......]
Gold:   204        SH:  0    Dex: 15    Spells: 5/5 levels left

rFire   . . .        Y - +1 shortbow
rCold   . . .        (shield currently unavailable)
rNeg    . . .        f - +0 ring mail
rPois   .            (helmet restricted)
rElec   .            (no cloak)
rCorr   .            j - +1 pair of gloves
SInv    .            c - +0 pair of boots
Will    .....        (no amulet)
Stlth   +            (no ring)
HPRegen 0.29/turn    (no ring)
MPRegen 0.09/turn

%: no passive effects
@: about to teleport
A: horns 2, retaliatory headbutt
a: Renounce Religion


You were on level 4 of the Dungeon.
You worshipped Okawaru.
Okawaru was noncommittal.
You visited 1 branch of the dungeon, and saw 4 of its levels.

You collected 204 gold pieces.


Innate Abilities, Weirdness & Mutations

You have a pair of horns on your head.
You reflexively headbutt those who attack you in melee.


   Skills:
 - Level 4.9 Fighting
 + Level 7.7 Ranged Weapons
 - Level 2.1 Armour
 - Level 2.1 Dodging
 - Level 0.7 Stealth


You had 5 spell levels left.
You didn't know any spells.
Your spell library was empty.

Inventory:

Hand Weapons
 Y - a +1 shortbow (weapon)
Armour
 c - a +0 pair of boots (worn)
 f - a +0 ring mail (worn)
 j - a +1 pair of gloves (worn)
Jewellery
 b - a ring of fire
 e - a ring of ice
Scrolls
 a - a scroll of identify
 d - a scroll of teleportation
Potions
 h - a potion of heal wounds
 i - 2 potions of curing
 k - a potion of haste

Dungeon Overview and Level Annotations

Branches:
Dungeon (4/15)
 Temple: D:4-7

Altars:
Nemelex Xobeh
Okawaru
Qazlal
Xom

Shops:
D:1 !

Annotations:
D:4 1 runed translucent door, Crazy Yiuf, Eustachio


Message History

The quokka's corpse disappears in a puff of smoke!
The ufetubus hits you.
The ufetubus hits you but does no damage.
The quasit bites you but does no damage.
The quasit claws you but does no damage. x2
Eustachio hits you with a +1 falchion of flaming!
Eustachio burns you. The ufetubus barely misses you. You furiously retaliate!
You headbutt the ufetubus!
You kill the ufetubus!
The ufetubus disappears in a puff of smoke!
The iron imp laughs crazily.
You shoot an arrow.
The arrow hits Eustachio but does no damage.
Eustachio is moderately wounded.
The quasit closely misses you. You furiously retaliate!
You headbutt the quasit! The quasit barely misses you. x2
Eustachio mumbles some strange words.
The quasit bites you but does no damage.
The quasit barely misses you. The quasit completely misses you.
You shoot an arrow. The arrow hits the quasit.
The quasit is severely wounded.
Eustachio hits you but does no damage. The quasit closely misses you. x2
The quasit claws you but does no damage.
You shoot an arrow. The arrow hits the quasit!
You kill the quasit!
The quasit disappears in a puff of smoke!
Eustachio closely misses you.
The river rat bites you but does no damage.
Eustachio casts a spell.
You shoot an arrow. The arrow closely misses Eustachio.
The arrow barely misses the river rat.
The river rat bites you.
Eustachio hits you with a +1 falchion of flaming.
Eustachio burns you.
2929 ||| READING 2 scrolls of teleportation.
As you read the scroll of teleportation, it crumbles to dust.
You feel strangely unstable. The river rat bites you!
Eustachio hits you with a +1 falchion of flaming!
You die...

..... #.#
#...##.#
#......###
#.##.....##
#....#..#
#....##.#
#....##.#
........r###
#.####..#5@<#
... #.##@###
.. #.rr5..#
#.####.# .[
... ... #.#
... .# .. # .


You could see Eustachio, an iron imp (summoned), 2 river rats, a white imp
(summoned) and a rat (summoned).

Vanquished Creatures
  2 ogres
  Blork the orc (D:4)
  A hound (D:4)
  2 orc wizards (D:4)
  4 gnolls
  3 adders
  A worm (D:3)
  2 dart slugs (D:2)
  5 orcs
  4 ball pythons
  10 endoplasms
  2 giant cockroaches
  A hobgoblin (D:2)
  4 jackals
  2 quokkas
  2 bats
  3 frilled lizards
  7 goblins
  6 kobolds
  5 rats
67 creatures vanquished.

Notes
Turn   | Place    | Note
-------+----------+-------------------------------------------
     0 | D:1      | qw the Minotaur Hunter began the quest for the Orb.
     0 | D:1      | Reached XP level 1. HP: 18/18 MP: 0/0
     0 | D:1      | 0 ||| qw: Version: 0.2-a-117-gc6b5c8b
     0 | D:1      | 0 ||| qw: Game counter: 2637
     0 | D:1      | 0 ||| qw: Always use a shield: true
     0 | D:1      | 0 ||| qw: God list: Okawaru
     0 | D:1      | 0 ||| qw: Allow faded altars: false
     0 | D:1      | 0 ||| qw: Do Orc after D:15 true
     0 | D:1      | 0 ||| qw: Do second Lair branch before Depths: true
     0 | D:1      | 0 ||| qw: Lair rune preference: random
     0 | D:1      | 0 ||| qw: Plans: Normal
     0 | D:1      | 0 ||| PLANNING D:1-11
    57 | D:1      | Found Ybrix's Distillery.
    63 | D:1      | 63 ||| SHOPLISTING 2 potions of curing (72 gold, have 10).
    63 | D:1      | 63 ||| SHOPLISTING potion of curing (36 gold, have 10).
    63 | D:1      | 63 ||| SHOPLISTING potion of heal wounds (60 gold, have
                  | 10).
    63 | D:1      | 63 ||| SHOPLISTING potion of might (48 gold, have 10).
   122 | D:1      | Reached XP level 2. HP: 25/25 MP: 1/1
   128 | D:1      | Reached skill level 5 in Ranged Weapons
   488 | D:1      | Reached skill level 3 in Fighting
   488 | D:1      | Reached XP level 3. HP: 19/31 MP: 2/2
   604 | D:1      | 604 ||| UPGRADING to +0 ring mail.
   614 | D:1      | 614 ||| DROPPING +0 leather armour.
   615 | D:1      | 615 ||| UPGRADING to +1 pair of gloves.
   620 | D:1      | 620 ||| READING scroll labelled GURAWE ISIN.
   621 | D:1      | 621 ||| READING scroll labelled LYN IGRUAXZEN.
   626 | D:1      | 626 ||| DRINKING 2 purple potions.
   627 | D:1      | 627 ||| DROPPING scroll of butterflies.
   628 | D:1      | 628 ||| DROPPING potion of enlightenment.
   885 | D:2      | Reached skill level 1 in Armour
  1173 | D:2      | Reached XP level 4. HP: 33/38 MP: 3/3
  1491 | D:2      | 1491 ||| READING scroll labelled HIXTOB SINUNWE.
  1492 | D:2      | 1492 ||| READING scroll labelled YRUD XUNIAPN.
  1493 | D:2      | 1493 ||| READING scroll labelled MARIDGH TICAR.
  1494 | D:2      | 1494 ||| READING scroll labelled GUNKIU URASKA.
  1495 | D:2      | 1495 ||| READING scroll labelled HIZ FOAMEOCEA.
  1496 | D:2      | 1496 ||| READING 2 scrolls labelled HIPLEI ACORCH.
  1497 | D:2      | 1497 ||| DROPPING scroll of poison.
  1652 | D:3      | Reached skill level 6 in Ranged Weapons
  1709 | D:3      | Found a stormy altar of Qazlal.
  1802 | D:3      | Found a faded altar of an unknown god.
  1872 | D:3      | Found a shimmering altar of Xom.
  1872 | D:3      | Found a shimmering altar of Xom.
  1872 | D:3      | Found a shimmering altar of Xom.
  1873 | D:3      | Found a shimmering altar of Xom.
  1873 | D:3      | Found a shimmering altar of Xom.
  1875 | D:3      | Found a shimmering altar of Xom.
  2013 | D:3      | Noticed an ogre
  2021 | D:3      | Killed an ogre
  2022 | D:3      | Reached XP level 5. HP: 28/47 MP: 4/4
  2210 | D:3      | 2210 ||| DRINKING 2 silvery potions.
  2211 | D:3      | 2211 ||| READING 2 scrolls of identify.
  2211 | D:3      | 2211 ||| IDENTIFYING grey potion
  2278 | D:4      | Found an iron altar of Okawaru.
  2279 | D:4      | 2279 ||| PLANNING OKAWARU WORSHIP
  2279 | D:4      | 2279 ||| UPGRADING to +0 pair of boots.
  2286 | D:4      | Became a worshipper of Warmaster Okawaru
  2286 | D:4      | 2286 ||| PLANNING D:1-11
  2341 | D:4      | Noticed Blork the orc
  2349 | D:4      | Killed Blork the orc
  2350 | D:4      | Reached XP level 6. HP: 48/55 MP: 5/5
  2407 | D:4      | Found a sparkling altar of Nemelex Xobeh.
  2486 | D:4      | Reached skill level 7 in Ranged Weapons
  2695 | D:4      | Found a runed translucent door.
  2696 | D:4      | Noticed Crazy Yiuf
  2753 | D:4      | Noticed Eustachio
  2779 | D:4      | 2779 ||| FLEEEEING.
  2780 | D:4      | 2780 ||| FLEEEEING.
  2781 | D:4      | 2781 ||| FLEEEEING.
  2782 | D:4      | 2782 ||| STAIRDANCE
  2909 | D:3      | 2909 ||| READING scroll labelled DILIGEESTRAT.
  2928 | D:4      | HP: 13/55 [Eustachio/+1 falchion of flaming (1)]
  2929 | D:4      | 2929 ||| READING 2 scrolls of teleportation.
  2929 | D:4      | HP: 6/55 [river rat[Eustachio] (7)]
  2929 | D:4      | Slain by Eustachio

Levels and vault maps discovered:
D:1:      minmay_arrival_open_corners, layout_loops_ring, serial_shops,
          nicolae_shop_crystal, minmay_pentomino_p4
D:2:      layout_loops_corners
D:3:      layout_loops_ring, nicolae_qazlal_scattered_showers, xom_redecorated,
          shapermc_ecumenical_altar_petra, chequers_serial_rivers_small_a,
          minmay_stone_trees_medium
D:4:      layout_basic, kennysheep_little_box, old_standard_altar,
          okawaru_trees_2, uniq_eustachio, uniq_crazy_yiuf_cottage,
          uniq_blork_the_orc

Skill      XL: |  1  2  3  4  5  6 |
---------------+-------------------+-----
Ranged Weapons | 5 6 7 |  7.7
Fighting       | 3 4 |  4.9
Armour         | 1 2 |  2.1
Dodging        | |  2.1
Stealth        | |  0.7

Action                     |  1- 3 |  4- 6 || total
---------------------------+-------+-------++-------
   Fire: Shortbow          |    75 |   170 ||   245
    Use: Scroll            |     2 |     9 ||    11
         Potion            |     1 |     1 ||     2
 Armour: Ring mail         |     3 |    42 ||    45
  Dodge: Dodged            |    12 |    57 ||    69

Table legend:
 A = Non-vault XP
 B = Vault XP
 C = Vault XP percentage of total XP
 D = Non-vault monster count
 E = Vault monster count
 F = Vault count percentage of total count
                 A         B        C        D         E       F
            +---------+---------+-------+---------+---------+-------
      Total |     547 |     104 |  16.0 |      62 |       5 |   7.5
            +---------+---------+-------+---------+---------+-------
        D:1 |      37 |       5 |  11.9 |      14 |       4 |  22.2
        D:2 |      91 |       0 |   0.0 |      16 |       0 |   0.0
        D:3 |     136 |       0 |   0.0 |      11 |       0 |   0.0
        D:4 |     283 |      99 |  25.9 |      21 |       1 |   4.5
            +---------+---------+-------+---------+---------+-------
